 Dungeon Crawl Stone Soup version 0.26.1-11-gd32895ea62 (webtiles) character file.

Game seed: 7381747665482180733

132 Gwenloh the Sneak (level 4, 0/30 HPs)
             Began as a Vampire Enchanter on May 15, 2021.
             Slain by an orc wizard
             ... wielding a +2 dagger of speed
              (3 damage)
             ... on level 2 of the Dungeon.
             The game lasted 00:09:38 (2362 turns).

Gwenloh the Sneak (Vampire Enchanter)               Turns: 2362, Time: 00:09:38

Health: 0/30       AC:  3    Str:  7    XL:     4   Next: 92%
Magic:  1/7        EV: 13    Int: 17    God:
Gold:   131        SH:  0    Dex: 15    Spells: 1/7 levels left

rFire    + . .     SeeInvis +   a - +1 dagger
rCold    x . .     Faith    .   (no shield)
rNeg     . . .     Spirit   .   b - +0 robe
rPois    .         Reflect  .   (no helmet)
rElec    .         Harm     .   n - +0 cloak
rCorr    .         Rampage  .   (no gloves)
Will     .....                  (no boots)
Stlth    +++.......             (no amulet)
HPRegen  0.30/turn              i - ring of fire
MPRegen  0.10/turn              l - ring of see invisible

@: regenerating quickly
A: fangs 3, see invisible, unbreathing
a: Exsanguinate


You were on level 2 of the Dungeon.
You visited 1 branch of the dungeon, and saw 2 of its levels.

You collected 131 gold pieces.

Inventory:

Hand Weapons
 a - a +1 dagger (weapon)
Missiles
 c - 6 silver boomerangs (quivered)
Armour
 b - a +0 robe (worn)
 h - a +0 leather armour
 n - a +0 cloak (worn)
Jewellery
 i - a ring of fire (left hand)
 l - a ring of see invisible (right hand)
 o - a +6 ring of strength
Scrolls
 e - a scroll of identify {unknown}
 f - 2 scrolls of amnesia {unknown}
 g - 4 scrolls of remove curse {unknown}
 j - 2 scrolls of fog {unknown}
Potions
 d - 2 potions of might {unknown}
 k - a potion of flight {unknown}
 m - a potion of curing {unknown}
 p - 2 potions of degeneration {unknown}


   Skills:
 + Level 3.1 Short Blades
 - Level 2.1 Dodging
 + Level 6.2 Stealth
 - Level 2.0 Spellcasting
 + Level 6.0 Hexes


You had one spell level left.
You knew the following spells:

 Your Spells              Type           Power        Failure   Level
a - Corona                Hex            24%          1%          1
b - Ensorcelled Hibernat  Hex/Ice        22%          9%          2
c - Confusing Touch       Hex            22%          4%          3

Your spell library contained the following spells:

 Spells                   Type           Power        Failure   Level
 Tukima's Dance           Hex            22%          4%          3
 Dazzling Flash           Conj/Hex       22%          17%         3


Dungeon Overview and Level Annotations

Branches:
Dungeon (2/15)

Altars:


Innate Abilities, Weirdness & Mutations

Your natural rate of healing is unusually fast.
You have razor-sharp teeth.
You have supernaturally acute eyesight. (SInv)
You can survive without breathing.


Message History

The orc wizard looks encouraged for a moment.
You closely miss the orc wizard.
The orc wizard hits you but does no damage.
The orc wizard closely misses you.
You closely miss the orc wizard.
The orc wizard points at you and mumbles some strange words.
The magic dart hits you!
You hit the orc wizard but do no damage.
The orc wizard casts a spell at you. The magic dart hits you!
* * * LOW HITPOINT WARNING * * *
The orc wizard points at you and mumbles some strange words.
The puff of flame hits you. You resist.
* * * LOW HITPOINT WARNING * * *
You closely miss the orc wizard.
The orc wizard hits you but does no damage.
You hit the orc wizard but do no damage.
The orc wizard appears confused.
The orc wizard closely misses the orc.
The orc wizard hits you with a +2 dagger of speed.
You die...

.............#.......#.##.##.#.##
......##.....#.#...#.#...........
......##.....#.......#...........
##......)....##.....##...........
#........##.###.⌠.###........†..
##........##..#######............
............#....)....#..........
...............##.#####....###.##
.............)oo@.# #..........#
...............######.#....#####
....................#.#.....#
............................#
......#.....................#
......#..............[......#####
.....................(......#≈≈≈≈
..[##.#.....................#≈≈≈.
...................(......).#≈≈##


You could see an orc wizard (fast, confused) and an orc.

Vanquished Creatures
  An orc priest (D:2)
  3 adders
  2 worms (D:2)
  3 dart slugs
  3 leopard geckos
  2 orcs
  4 bats
  2 giant cockroaches
  6 goblins
  8 hobgoblins
  4 jackals
  5 kobolds
  A quokka (D:2)
  7 frilled lizards
  4 rats
55 creatures vanquished.

Notes
Turn   | Place    | Note
-------+----------+-------------------------------------------
     0 | D:1      | Gwenloh the Vampire Enchanter began the quest for the Orb.
     0 | D:1      | Reached XP level 1. HP: 13/13 MP: 3/3
   173 | D:1      | Reached XP level 2. HP: 10/19 MP: 5/5
   176 | D:1      | Learned a level 2 spell: Ensorcelled Hibernation
   482 | D:1      | Reached skill level 5 in Stealth
   531 | D:1      | Reached skill level 5 in Hexes
   894 | D:2      | Reached XP level 3. HP: 24/24 MP: 6/6
   898 | D:2      | Learned a level 3 spell: Confusing Touch
  1852 | D:2      | Reached XP level 4. HP: 30/30 MP: 4/7
  2362 | D:2      | Slain by an orc wizard

Illustrated notes

Levels and vault maps discovered:
D:1:      erik_arrival_blinker_ship, layout_basic
D:2:      cheibrodos_pilgrimage, layout_basic, kennysheep_generic_room_4

Skill      XL: |  1  2  3  4 |
---------------+-------------+-----
Stealth        | 5 6 |  6.2
Short Blades   | 2 3 |  3.1
Hexes          | 5 6 |  6.0
Dodging        | |  2.1
Spellcasting   | |  2.0

Action                   |  1- 3 |  4- 6 || total
-------------------------+-------+-------++-------
Melee: Dagger            |   112 |    48 ||   160
       Bite              |     7 |     4 ||    11
Throw: Boomerang         |     4 |     4 ||     8
 Cast: Ensorcelled Hiber |    26 |     8 ||    34
       Confusing Touch   |     1 |     1 ||     2
 Stab: Sleeping          |    25 |     8 ||    33
       Confused          |     1 |       ||     1
Armor: Robe              |    14 |    11 ||    25
Dodge: Dodged            |    59 |    24 ||    83
